AoeStats
← 烏雲中

Arabia

508872700Analyzed
2v2 RM · 8d ago on Sep 24, 2026· 29m 28s· 4 players
Game mode
Random Map
Map size
Medium (4 player)
Population
200
Speed
Normal
Resources
Standard
Victory
Conquest
Starting age
Dark Age
Ending age
Imperial Age
RankedLock teamsTeams togetherTeam positionsShared explorationLock speedFull tech treeHidden civsTurbo modeCheats
Victory
Defeat
🇫🇷 Persians · France
1536
+11
🇫🇷 Maya · France
1410
+17
🇹🇼 Saxons · Taiwan
1513
-17
🇹🇼 Varangians · Taiwan
1344
-11
高德納
7:11 Loom
8:57 Feudal Age
11:33 Fletching
13:12 Double-Bit Axe
13:31 Horse Collar
25:09 Castle Age
23:48 Padded Archer Armor
25:24 Crossbowman
26:35 Bodkin Arrow
28:01 Bow Saw
29:03 Scale Mail Armor
烏雲中
6:34 Loom
9:18 Feudal Age
10:59 Bloodlines
16:34 Scale Barding Armor
17:30 Horse Collar
24:41 Castle Age
24:34 Forging
[TETU] tachou
5:48 Loom
8:34 Feudal Age
9:01 Double-Bit Axe
9:19 Horse Collar
16:28 Wheelbarrow
20:34 Castle Age
19:11 Bloodlines
19:45 Scale Barding Armor
20:43 Forging
21:27 Chain Barding Armor
22:41 Husbandry
28:23 Bow Saw
Ghalta
0:26 Loom
10:13 Feudal Age
11:02 Double-Bit Axe
14:50 Fletching
16:28 Padded Archer Armor
20:29 Wheelbarrow
23:59 Castle Age
22:21 Gold Mining
22:15 Horse Collar
24:06 Crossbowman
24:59 Bow Saw
25:14 Bodkin Arrow
26:12 Leather Archer Armor
27:46 Thumb Ring
Connection lost

Rejoining the realm…

Still unreachable

The connection could not be restored.

Session expired

The server has moved on; the page needs a fresh start.